 Dungeon Crawl Stone Soup version 0.17-a0-1954-g0dddeaa (webtiles) character file.

37 Gorice the Magician (level 3, 0/16 HPs)
             Began as a Spriggan Wanderer on Oct 3, 2015.
             Slain by a worm (12 damage)
             ... on level 2 of the Dungeon.
             The game lasted 00:08:39 (2144 turns).

Gorice the Magician (Spriggan Wanderer)             Turns: 2144, Time: 00:08:39

Health: 0/16       AC:  2    Str:  9    XL:     3   Next: 21%
Magic:  0/11       EV: 15    Int: 14    God:
Gold:   22         SH:  0    Dex: 14    Spells: 4 memorised, 6 levels left

rFire  . . .     SeeInvis +     d - +0 dagger
rCold  . . .     Clarity  .     c - +0 robe
rNeg   . . .     SustAt   .     (shield restricted)
rPois  .         Gourm    .     (helmet restricted)
rElec  .         Spirit   .     (no cloak)
rCorr  .         Warding  .     (gloves unavailable)
rMut   .         Stasis   .     (boots unavailable)
MR     .....                    (no amulet)
Stlth  +.........               (no ring)
                                (no ring)

@: very slightly contaminated, repel missiles, very quick, not resistant to
hostile enchantments, very unstealthy
A: unfitting armour, see invisible, herbivore 3, speed 3, slow metabolism 2
a: no special abilities


You were on level 2 of the Dungeon.
You were not hungry.

You visited 1 branch of the dungeon, and saw 2 of its levels.

You collected 22 gold pieces.

Inventory:

Hand weapons
 d - a +0 dagger (weapon)
 h - a +0 hunting sling
Missiles
 Z - 71 stones (quivered)
Armour
 c - a +0 robe (worn)
Scrolls
 b - 2 scrolls of teleportation {!r}
 j - a scroll of amnesia {unknown}
Potions
 f - 2 potions of degeneration {unknown}
 g - a potion of beneficial mutation {unknown}
 i - a potion of lignification {unknown}
 k - a potion of magic {unknown}
 l - a potion of curing {unknown}
 m - a potion of poison {unknown}
Books
 a - a book of Minor Magic
Comestibles
 e - 2 bread rations {!e}


   Skills:
 - Level 1.1 Throwing
 + Level 5.8 Spellcasting
 * Level 1.5 Conjurations
 - Level 3.0 Charms
   Level 1.0 Necromancy
   Level 1.0 Earth Magic
   Level 1.3 Evocations


You had 6 spell levels left.
You knew the following spells:

 Your Spells              Type           Power        Failure   Level  Hunger
a - Magic Dart            Conj           #...         10%         1    None
b - Call Imp              Summ           #.......     30%         2    #......
J - Blink                 Tloc           N/A          30%         2    #......
M - Repel Missiles        Chrm/Air       #.....       17%         2    #......


Dungeon Overview and Level Annotations

Branches:
Dungeon (2/15)

Altars:
Fedhas

Annotations:
D:2 Terence


Innate Abilities, Weirdness & Mutations

You are tiny and cannot use many weapons and most armour.
You have supernaturally acute eyesight.
You are a herbivore.
You cover ground extremely quickly.
You need consume almost no food.


Message History

Confirm with . or Enter, or press ? or * to list all spells.
Aiming: Magic Dart
Press: ? - help, Shift-Dir - straight line, f/p - worm
Aim: a worm (heavily wounded)
The magic dart hits the worm.
The worm is heavily wounded.
You start resting.
Casting: Magic Dart
Confirm with . or Enter, or press ? or * to list all spells.
Aiming: Magic Dart
Press: ? - help, Shift-Dir - straight line, f/p - worm
Aim: a worm (lightly wounded)
The magic dart hits the worm.
The worm is lightly wounded.
Casting: Magic Dart
Confirm with . or Enter, or press ? or * to list all spells.
Aiming: Magic Dart
Press: ? - help, Shift-Dir - straight line, f/p - worm
Aim: a worm (lightly wounded)
You miscast Magic Dart.
You smell something strange.
Casting: Magic Dart
Confirm with . or Enter, or press ? or * to list all spells.
Aiming: Magic Dart
Press: ? - help, Shift-Dir - straight line, f/p - worm
Aim: a worm (lightly wounded)
The magic dart hits the worm.
The worm is moderately wounded.
Casting: Magic Dart
Confirm with . or Enter, or press ? or * to list all spells.
Aiming: Magic Dart
Press: ? - help, Shift-Dir - straight line, f/p - worm
Aim: a worm (moderately wounded)
The magic dart hits the worm.
The worm is moderately wounded.
Casting: Magic Dart
Confirm with . or Enter, or press ? or * to list all spells.
Aiming: Magic Dart
Press: ? - help, Shift-Dir - straight line, f/p - worm
Aim: a worm (moderately wounded)
The magic dart hits the worm.
The worm is heavily wounded.
The worm bites you.
Damage: 4 (max 4)
You barely miss the worm.
The worm is heavily wounded.
You hit the worm.
The worm is heavily wounded.
The worm bites you!
Ouch! That really hurt!
You die...

####..%...# #.### ### #####
#.........# #....
..########...####....####.#######
.........+...'..'....+...........
#.########...####....####.#######
#.# #...# #....# #.# #.### #...#
#....# #.#
....######...#######.####.#######
................@w...............
###.################.##.#.#######
#.##......# #.##.#........
#.#.......########.##.#....)...
###.#.......#.........#.#........
.##.#.......#.........#.#........
.##.#.......#.........#.#........
....#.......#.........#.#........
.##.#......@#.........#.#........


You could see a worm.

Vanquished Creatures
  A giant gecko (D:1)
  2 bats
  3 giant cockroaches (D:2)
  7 goblins
  6 hobgoblins
  2 jackals (D:2)
  3 kobolds (D:1)
  A quokka (D:2)
  A giant newt (D:2)
  4 rats
30 creatures vanquished.

Notes
Turn   | Place    | Note
--------------------------------------------------------------
     0 | D:1      | Gorice the Spriggan Wanderer began the quest for the Orb.
     0 | D:1      | Gorice set off with: a book of Minor Magic, a scroll of teleportation {!r}, a +0 robe, a +0 dagger, a bread ration {!e}, a !bad item (cl:100,ty:0,pl:0,pl2:0,sp:0,qu:0), a !bad item (cl:100,ty:0,pl:0,pl2:0,sp:0,qu:0), a !bad item (cl:100,ty:0,pl:0,pl2:0,sp:0,qu:0), a !bad item (cl:100,ty:0,pl:0,pl2:0,sp:0,qu:0), a !bad item (cl:100,ty:0,pl:0,pl2:0,sp:0,qu:0), a !bad item (cl:100,ty:0,pl:0,pl2:0,sp:0,qu:0), a !bad item (cl:100,ty:0,pl:0,pl2:0,sp:0,qu:0), a !bad item (cl:100,ty:0,pl:0,pl2:0,sp:0,qu:0), a !bad item (cl:100,ty:0,pl:0,pl2:0,sp:0,qu:0), a !bad item (cl:100,ty:0,pl:0,pl2:0,sp:0,qu:0), a !bad item (cl:100,ty:0,pl:0,pl2:0,sp:0,qu:0), a !bad item (cl:100,ty:0,pl:0,pl2:0,sp:0,qu:0), a !bad item (cl:100,ty:0,pl:0,pl2:0,sp:0,qu:0), a !bad item (cl:100,ty:0,pl:0,pl2:0,sp:0,qu:0), a !bad item (cl:100,ty:0,pl:0,pl2:0,sp:0,qu:0), a !bad item (cl:100,ty:0,pl:0,pl2:0,sp:0,qu:0), a !bad item (cl:100,ty:0,pl:0,pl2:0,sp:0,qu:0), a !bad item (cl:100,ty:0,pl:0,pl2:0,sp:0,qu:0), a !bad item (cl:100,ty:0,pl:0,pl2:0,sp:0,qu:0), a !bad item (cl:100,ty:0,pl:0,pl2:0,sp:0,qu:0), a !bad item (cl:100,ty:0,pl:0,pl2:0,sp:0,qu:0), a !bad item (cl:100,ty:0,pl:0,pl2:0,sp:0,qu:0), a !bad item (cl:100,ty:0,pl:0,pl2:0,sp:0,qu:0), a !bad item (cl:100,ty:0,pl:0,pl2:0,sp:0,qu:0), a !bad item (cl:100,ty:0,pl:0,pl2:0,sp:0,qu:0), a !bad item (cl:100,ty:0,pl:0,pl2:0,sp:0,qu:0), a !bad item (cl:100,ty:0,pl:0,pl2:0,sp:0,qu:0), a !bad item (cl:100,ty:0,pl:0,pl2:0,sp:0,qu:0), a !bad item (cl:100,ty:0,pl:0,pl2:0,sp:0,qu:0), a !bad item (cl:100,ty:0,pl:0,pl2:0,sp:0,qu:0), a !bad item (cl:100,ty:0,pl:0,pl2:0,sp:0,qu:0), a !bad item (cl:100,ty:0,pl:0,pl2:0,sp:0,qu:0), a !bad item (cl:100,ty:0,pl:0,pl2:0,sp:0,qu:0), a !bad item (cl:100,ty:0,pl:0,pl2:0,sp:0,qu:0), a !bad item (cl:100,ty:0,pl:0,pl2:0,sp:0,qu:0), a !bad item (cl:100,ty:0,pl:0,pl2:0,sp:0,qu:0), a !bad item (cl:100,ty:0,pl:0,pl2:0,sp:0,qu:0), a !bad item (cl:100,ty:0,pl:0,pl2:0,sp:0,qu:0), a !bad item (cl:100,ty:0,pl:0,pl2:0,sp:0,qu:0), a !bad item (cl:100,ty:0,pl:0,pl2:0,sp:0,qu:0), a !bad item (cl:100,ty:0,pl:0,pl2:0,sp:0,qu:0), a !bad item (cl:100,ty:0,pl:0,pl2:0,sp:0,qu:0), a !bad item (cl:100,ty:0,pl:0,pl2:0,sp:0,qu:0), a !bad item (cl:100,ty:0,pl:0,pl2:0,sp:0,qu:0), a !bad item (cl:100,ty:0,pl:0,pl2:0,sp:0,qu:0), a !bad item (cl:100,ty:0,pl:0,pl2:0,sp:0,qu:0), a !bad item (cl:100,ty:0,pl:0,pl2:0,sp:0,qu:0)
     0 | D:1      | Reached XP level 1. HP: 9/9 MP: 7/7
     4 | D:1      | Learned a level 1 spell: Magic Dart
   564 | D:1      | Reached XP level 2. HP: 7/13 MP: 3/9
  1150 | D:1      | Reached skill level 1 in Conjurations
  1520 | D:1      | Learned a level 2 spell: Repel Missiles
  1523 | D:1      | Learned a level 2 spell: Blink
  1526 | D:1      | Learned a level 2 spell: Call Imp
  1762 | D:2      | Reached XP level 3. HP: 16/16 MP: 4/11
  1771 | D:2      | Found a blossoming altar of Fedhas.
  1825 | D:2      | Noticed Terence
  2144 | D:2      | Slain by a worm

Vault maps used:
D:1:      dpeg_chamrin_arrival_tetris, minmay_misc_feat_roman
D:2:      fedhas_altar_2, kennysheep_generic_room_13, uniq_terence

Action                   || total
-------------------------++-------
Melee: Dagger            ||    63
 Cast: Magic Dart        ||   109
       Repel Missiles    ||     1

Table legend:
 A = Turns spent in this place as a percentage of turns spent in the entire game.
 B = Non-inter-level travel turns spent in this place as a percentage of non-inter-level travel turns spent in the entire game.
 C = Inter-level travel turns spent in this place as a percentage of turns spent in this place.
 D = Turns resting spent in this place as a percentage of non-inter-level travel turns spent in this place.
 E = Turns spent auto-exploring this place as a percentage of non-inter-level travel turns spent in this place.
 F = Non-inter-level travel turns spent in this place divided by the number of levels of this place that you've seen.
                   A       B       C       D       E      F
               +-------+-------+-------+-------+-------+----------------------
         Total | 100.0 | 100.0 |   0.1 |   6.3 |   3.2 | 419.5
       Dungeon | 100.0 | 100.0 |   0.1 |   6.3 |   3.2 | 419.5
               +-------+-------+-------+-------+-------+----------------------

Vault maps used:
D:1:      dpeg_chamrin_arrival_tetris, minmay_misc_feat_roman
D:2:      fedhas_altar_2, kennysheep_generic_room_13, uniq_terence
